 Dungeon Crawl Stone Soup version bcrawl-1.19.1 (webtiles) character file.

Game seed: 5488934149069429498

4579 Morbidden the Spear-Bearer (level 10, 0/81 HPs)
             Began as a Demigod Archaeologist on Nov 21, 2019.
             Slain by a centaur warrior (10 damage)
             ... on level 8 of the Dungeon.
             The game lasted 00:18:06 (8104 turns).

Morbidden the Spear-Bearer (Demigod Archaeologist)  Turns: 8104, Time: 00:18:06

Health: 0/81       AC: 11    Str: 26    XL:     10   Next: 18%
Magic:  18/18      EV: 15    Int: 18    God:    Demigod [****..]
Gold:   664        SH:  0    Dex: 15    Spells: 9/9 levels left

rFire    . . .     SeeInvis .   f - +5 scythe "Finisher" {speed, eviscerate}
rCold    . . .     Gourm    .   (shield currently unavailable)
rNeg     . . .     Faith    .   b - +2 leather armour {MR+}
rPois    .         Spirit   .   s - +1 helmet
rElec    +         Reflect  .   L - +0 cloak
rCorr    .         Harm     .   H - +0 pair of gloves
MR       ++...                  d - +1 pair of boots
Stlth    ++........             (no amulet)
HPRegen  0.23/turn              h - ring of insulation
MPRegen  0.16/turn              D - +5 ring of strength

@: no status effects
A: high mp 1
a: Temporal Distortion, Growth, Major Destruction, Heroism


You were on level 8 of the Dungeon.
You worshipped Demigod.
Demigod was greatly pleased with you.
You were hungry.

You visited 1 branch of the dungeon, and saw 8 of its levels.

You collected 664 gold pieces.

Inventory:

Hand Weapons
 f - the +5 scythe "Finisher" (weapon) {speed, eviscerate} Attacks with this weapon are significantly faster.
Missiles
 c - 151 javelins (quivered)
 B - a throwing net {!f}
Armour
 b - a +2 leather armour of magic resistance (worn)
 d - a +1 pair of boots (worn)
 s - a +1 helmet (worn)
 H - a +0 pair of gloves (worn)
 L - a +0 cloak (worn)
Jewellery
 a - an uncursed ring of protection from cold
 h - a ring of insulation (left hand)
 k - an uncursed ring of fire
 t - an uncursed ring of fire
 D - a +5 ring of strength (right hand)
 E - a +3 ring of intelligence
Wands
 C - a wand of flame (7)
 J - a wand of disintegration (19)
Scrolls
 e - a scroll of enchant weapon
 m - 3 scrolls of amnesia {unknown}
 n - 2 scrolls of magic mapping
 r - 2 scrolls of enchant armour {unknown}
 u - 3 scrolls of remove curse
 v - a scroll of blinking {unknown}
 w - 5 scrolls of teleportation
 y - a scroll of fear {unknown}
 G - 3 scrolls of identify
 I - a scroll of noise {unknown}
Potions
 i - a potion of cancellation {unknown}
 l - a potion of resistance {unknown}
 o - a potion of agility {unknown}
 p - a potion of degeneration {unknown}
 q - 4 potions of curing {unknown}
 x - 2 potions of ambrosia {unknown}
 z - 4 potions of lignification
 A - 3 potions of flight {unknown}
 F - a potion of mutation {unknown}
Comestibles
 g - 18 rations {!d}
 K - 3 chunks of flesh


   Skills:
 * Level 5.5 Fighting
   Level 1.1 Maces & Flails
 * Level 11.0 Polearms
 + Level 0.1 Throwing
 + Level 2.4 Armour
 * Level 5.0 Dodging
 - Level 3.4 Stealth
   Level 0.6 Shields
 * Level 6.4 Invocations
 + Level 0.7 Evocations


You had 9 spell levels left.
You didn't know any spells.
Your spell library was empty.

Dungeon Overview and Level Annotations

Branches:
Dungeon (8/12)             Temple (0/1) D:6            Lair (0/6) D:7
    Orc: D:8-11

Shops:
D:4 (   D:6 (   D:7 %   D:8 [

Annotations:
D:3 3 runed translucent doors, cunnyseurTrue's ghost, amateur MiRe
D:7 1 runed translucent door, yrara's ghost, novice GrFi


Innate Abilities, Weirdness & Mutations

You have an increased reservoir of magic. (+10% MP)


Message History

You reach to attack!
You barely miss the centaur warrior.
The centaur warrior is lightly wounded.
The centaur warrior shoots an arrow.
The arrow hits you.
* * * LOW HITPOINT WARNING * * *
The centaur warrior shoots an arrow.
The arrow closely misses you.
You hear a croak.
Unknown command.
Unknown command.
You feel much better.
The centaur warrior shoots an arrow.
The arrow hits you!
* * * LOW HITPOINT WARNING * * *
A bullfrog comes into view.
The centaur warrior unwields a +0 shortbow.
The centaur warrior hits you!
* * * LOW HITPOINT WARNING * * *
Unknown command.
You slash the centaur warrior!
The centaur warrior is moderately wounded.
The centaur warrior hits you!
You die...
Your divinity fades.

..................#
..................# ....
..#....>.........## ...## #
##.....##.....## ....#
#..########∩## ..$.# . #.#
#..# ....####.# #.# ##.##
.........######.######## #..#
...##.##........@......####.#
.......
..................>.###


You could see a centaur warrior and a bullfrog.

Vanquished Creatures
  The ghost of kroki the Carver, a novice MiAK of Lugonu (D:6)
  2 centaur skeletons
  A hippogriff (D:7)
  4 yaks (D:7)
  A hungry ghost (D:8)
  Menkaure (D:7)
  Duvessa (D:5)
  4 ice beasts (D:6)
  2 phantoms (D:6)
  2 sky beasts
  2 ogres
  A necrophage (D:6)
  A big kobold (D:7)
  4 bullfrogs
  Dowan (D:5)
  2 scorpions
  3 killer bees (D:7)
  2 howler monkeys (D:8)
  5 crimson imps
  Crazy Yiuf (D:7)
  2 hounds
  2 jellies (D:6)
  4 orc priests
  5 orc wizards
  A worker ant (D:4)
  3 iguanas
  A bullfrog simulacrum (D:6)
  A centaur simulacrum (D:6)
  2 hound skeletons
  Robin (D:2)
  A howler monkey skeleton (D:7)
  5 adders
  5 shadow imps
  2 white imps (D:6)
  2 oozes
  An adder zombie (D:5)
  4 worms
  2 dart slugs
  4 leopard geckos
  23 orcs
  5 ball pythons
  3 giant cockroaches
  21 goblins
  17 hobgoblins
  3 jackals (D:2)
  4 quokkas
  2 bats
  3 frilled lizards
  A jackal skeleton (D:5)
  13 kobolds
  A quokka skeleton (D:4)
  4 rats
189 creatures vanquished.

Vanquished Creatures (others)
  An adder zombie (D:7)
1 creature vanquished.

Grand Total: 190 creatures vanquished

Notes
Turn   | Place    | Note
-------+----------+-------------------------------------------
     0 | D:1      | Morbidden the Demigod Archaeologist began the quest for the
                  | Orb.
     0 | D:1      | Reached XP level 1. HP: 15/15 MP: 3/3
   257 | D:1      | Reached skill level 1 in Fighting
   326 | D:1      | Reached XP level 2. HP: 23/23 MP: 4/4
   529 | D:1      | Reached skill level 1 in Maces & Flails
  1191 | D:2      | Reached skill level 1 in Invocations
  1239 | D:2      | Reached XP level 3. HP: 28/28 MP: 6/6
  1322 | D:2      | Reached * piety under Demigod
  1397 | D:2      | Reached skill level 1 in Polearms
  1398 | D:2      | Noticed Robin
  1465 | D:2      | Killed Robin
  1465 | D:2      | Reached skill level 2 in Polearms
  1465 | D:2      | Reached XP level 4. HP: 18/35 MP: 7/7
  1644 | D:2      | Found a sparkling altar of Nemelex Xobeh.
  2236 | D:3      | Reached skill level 3 in Polearms
  2457 | D:3      | Found a runed translucent gate.
  2458 | D:3      | Found a runed translucent gate.
  2459 | D:3      | Found a runed translucent gate.
  2461 | D:3      | Noticed cunnyseurTrue's ghost (amateur MiRe)
  2474 | D:3      | Found a shattered altar of Ashenzari.
  2631 | D:3      | Reached skill level 4 in Polearms
  2631 | D:3      | Reached XP level 5. HP: 24/41 MP: 7/9
  2804 | D:3      | Reached ** piety under Demigod
  3423 | D:3      | Reached XP level 6. HP: 40/48 MP: 10/10
  3743 | D:3      | Found a glowing golden altar of the Shining One.
  3744 | D:3      | Found an ornate altar of the Wu Jian Council.
  3904 | D:4      | Found Majeum's Weapon Shop.
  3915 | D:4      | Reached skill level 5 in Polearms
  3951 | D:4      | Noticed a sky beast
  4126 | D:3      | Killed a sky beast
  4126 | D:3      | Reached skill level 1 in Armour
  4620 | D:4      | Found a sacrificial altar of Ru.
  4658 | D:4      | Found an iron altar of Okawaru.
  4825 | D:4      | Found a glowing silver altar of Zin.
  4847 | D:5      | Entered Level 5 of the Dungeon
  5016 | D:5      | Reached *** piety under Demigod
  5043 | D:5      | Reached skill level 6 in Polearms
  5043 | D:5      | Reached XP level 7. HP: 28/56 MP: 12/12
  5526 | D:5      | Found a snail-covered altar of Cheibriados.
  5536 | D:5      | Noticed Dowan
  5539 | D:5      | Noticed Duvessa
  5543 | D:5      | Killed Duvessa
  5549 | D:5      | Killed Dowan
  5549 | D:5      | Reached skill level 7 in Polearms
  5635 | D:5      | Found a stormy altar of Qazlal.
  5714 | D:5      | Found a sacrificial altar of Ru.
  5725 | D:5      | Found a burning altar of Makhleb.
  5729 | D:5      | Found a basalt altar of Yredelemnul.
  5976 | D:4      | Reached XP level 8. HP: 60/63 MP: 12/14
  6059 | D:6      | Reached skill level 8 in Polearms
  6145 | D:6      | Found a staircase to the Ecumenical Temple.
  6229 | D:6      | Reached skill level 5 in Invocations
  6286 | D:6      | Reached skill level 9 in Polearms
  6369 | D:6      | Found a runed translucent gate.
  6369 | D:6      | Found a runed translucent gate.
  6369 | D:6      | Found a runed translucent gate.
  6386 | D:6      | Found Nemut's Weapon Emporium.
  6394 | D:6      | Reached XP level 9. HP: 70/70 MP: 14/16
  6484 | D:6      | Found a sparkling altar of Nemelex Xobeh.
  6560 | D:6      | Noticed kroki's ghost (novice MiAK)
  6616 | D:6      | Killed kroki's ghost
  6908 | D:6      | Found a bloodstained altar of Trog.
  6991 | D:7      | Reached skill level 10 in Polearms
  6994 | D:7      | Reached skill level 5 in Fighting
  7006 | D:7      | Reached **** piety under Demigod
  7158 | D:7      | Found a staircase to the Lair.
  7164 | D:7      | Found Med Gase's Food Shoppe.
  7267 | D:7      | Noticed Menkaure
  7271 | D:7      | Killed Menkaure
  7274 | D:7      | Reached XP level 10. HP: 81/81 MP: 18/18
  7316 | D:7      | Found a runed translucent door.
  7318 | D:7      | Found a shimmering altar of Xom.
  7318 | D:7      | Noticed yrara's ghost (novice GrFi)
  7320 | D:7      | Noticed a +1 dagger of chaos
  7448 | D:7      | Found a runed door.
  7632 | D:7      | Noticed Crazy Yiuf
  7651 | D:7      | Killed Crazy Yiuf
  8011 | D:8      | Found Ciummud's Armour Emporium.
  8056 | D:8      | Reached skill level 5 in Dodging
  8070 | D:8      | Reached skill level 11 in Polearms
  8089 | D:8      | Noticed a centaur warrior
  8104 | D:8      | Slain by a centaur warrior

Skill      XL: |  1  2  3  4  5  6  7  8  9 10 |
---------------+-------------------------------+-----
Fighting       | 1 2 3 4 5 |  5.5
Maces & Flails | 1 |  1.1
Invocations    | 1 2 3 4 5 6 |  6.4
Dodging        | 3 4 5 |  5.0
Polearms       | 2 4 6 7 9 10 11 | 11.0
Armour         | 1 2 |  2.4
Throwing       | |  0.1
Stealth        | |  3.4
Shields        | |  0.6
Evocations     | |  0.7

Action                   |  1- 3 |  4- 6 |  7- 9 | 10-12 || total
-------------------------+-------+-------+-------+-------++-------
Melee: Whip              |    32 |       |       |       ||    32
       Spear             |   146 |   394 |    61 |       ||   601
       Scythe            |       |       |   148 |    61 ||   209
Throw: Javelin           |       |     2 |     1 |       ||     3
Evoke: Wand              |       |     6 |     5 |       ||    11
  Use: Scroll            |     2 |     4 |     1 |       ||     7
       Potion            |     1 |     1 |     1 |     1 ||     4
 Stab: Sleeping          |     7 |     9 |     2 |     1 ||    19
       Distracted        |       |     3 |     2 |       ||     5
  Eat: Chunk             |     2 |    12 |     7 |     3 ||    24
Armor: Robe              |    29 |     2 |       |       ||    31
       Animal skin       |       |    14 |       |       ||    14
       Leather armour    |       |    52 |    64 |    38 ||   154
Dodge: Dodged            |   120 |   185 |    77 |    43 ||   425
Block: Shield            |       |    27 |    13 |       ||    40
